 Dungeon Crawl Stone Soup version 0.28.0-45-g0d030f2227 (webtiles) character file.

Game seed: 8843272265961391905

46 pkoi the Shield-Bearer (level 3, -1/31 HPs)
             Began as a Demigod Fighter on Apr 8, 2022.
             Slain by a gnoll
             ... wielding a +0 flail
              (8 damage)
             ... on level 2 of the Dungeon.
             The game lasted 00:02:31 (2194 turns).

pkoi the Shield-Bearer (Demigod Fighter)            Turns: 2194, Time: 00:02:31

Health: -1/31      AC: 10    Str: 17    XL:     3   Next: 27%
Magic:  5/5        EV:  9    Int: 14    God:
Gold:   62         SH:  4    Dex: 13    Spells: 2/2 levels left

rFire   . . .      SeeInvis .     - Unarmed
rCold   . . .      Faith    .   b - +0 buckler
rNeg    + . .      Spirit   .   a - +0 scale mail
rPois   .          Reflect  .   (no helmet)
rElec   .          Harm     .   (no cloak)
rCorr   .          Rampage  .   (no gloves)
Will    .....                   (no boots)
Stlth   ..........              (no amulet)
HPRegen 0.10/turn               f - ring of positive energy
MPRegen 0.09/turn               j - +4 ring of protection

@: no status effects
A: high MP 1, forlorn, divine attributes
a: no special abilities


You were on level 2 of the Dungeon.
You visited 1 branch of the dungeon, and saw 2 of its levels.

You collected 62 gold pieces.

Inventory:

Armour
 a - a +0 scale mail (worn)
 b - a +0 buckler (worn)
Jewellery
 f - a ring of positive energy (left hand)
 j - a +4 ring of protection (right hand)
Scrolls
 d - a scroll of fear
 g - a scroll of identify {unknown}
 h - a scroll of amnesia {unknown}
Potions
 c - a potion of might
 e - 2 potions of lignification
 i - a potion of berserk rage {unknown}
 k - a potion of flight {unknown}


   Skills:
 - Level 3.0 Fighting
 - Level 3.0 Armour
 - Level 3.0 Shields
 * Level 2.8 Unarmed Combat


You had 2 spell levels left.
You didn't know any spells.
Your spell library contained the following spells:

 Spells                   Type           Power      Damage    Failure   Level
 Blink                    Tloc           0%         N/A       88%         2
 Sublimation of Blood     Necr           0%         N/A       88%         2
 Lesser Beckoning         Tloc           0%         N/A       98%         3
 Petrify                  Tmut/Erth      0%         N/A       100%        4
 Irradiate                Conj/Tmut      0%         3d13      100%        5
 Manifold Assault         Tloc           0%         N/A       100%        5


Dungeon Overview and Level Annotations

Branches:
Dungeon (2/15)


Innate Abilities, Weirdness & Mutations

You have an increased reservoir of magic. (+10% MP)
You shall have no god before yourself.
Your divine heritage dramatically boosts your attributes as you level up.


Message History

A hobgoblin comes into view.
A hobgoblin is nearby!
A hobgoblin is nearby!
Things that are here:
a +0 halberd; 2 scrolls labelled MICWEETURIM
j - a +4 ring of protection (right hand)
The hobgoblin shouts!
You barely miss the hobgoblin. You block the hobgoblin's attack.
The hobgoblin hits you but does no damage.
You closely miss the hobgoblin. The hobgoblin hits you.
* * * LOW HITPOINT WARNING * * *
You barely miss the hobgoblin. You block the hobgoblin's attack.
You hit the hobgoblin.
You kill the hobgoblin!
A gnoll comes into view. It is wielding a +0 flail.
You see here a hobgoblin corpse.
The gnoll shouts!
The gnoll throws a stone.
The stone hits you but does no damage.
The gnoll throws a stone.
You block the stone.
You start resting.
A gnoll is nearby!
The gnoll hits you with a +0 flail.
* * * LOW HITPOINT WARNING * * *
The gnoll closely misses you.
You barely miss the gnoll. The gnoll hits you but does no damage.
You closely miss the gnoll. The gnoll hits you but does no damage.
You barely miss the gnoll. The gnoll hits you with a +0 flail.
* * * LOW HITPOINT WARNING * * *
You barely miss the gnoll. The gnoll hits you with a +0 flail.
* * * LOW HITPOINT WARNING * * *
You hit the gnoll.
The gnoll is moderately wounded.
You block the gnoll's attack.
You barely miss the gnoll.
The gnoll is moderately wounded.
The gnoll barely misses you.
You barely miss the gnoll.
The gnoll is moderately wounded.
The gnoll hits you with a +0 flail!
You die...

#.# #g# #.#.#
#.#######.## #.#.#
...........# #.#.#
#.#######.g#######
#.#.# #.#
#........# #.#.#
#.# #.#..###.#
#.#.# #.#.†# #.#
#.#.# #....#
#g###.#
####.###@....#
#####).######.#
#...........#.#
#.####.####.#.#
#.## #.#.# #..#
#.#.# ######
##.###.#.# #...÷.
#..##.#.# #.####
##.##.#.# #.#...


You could see a gnoll.

Vanquished Creatures
  A gnoll (D:2)
  An adder (D:2)
  2 bats
  3 endoplasms (D:1)
  A giant cockroach (D:1)
  2 goblins (D:1)
  3 hobgoblins
  A ball python (D:1)
  4 frilled lizards
  4 kobolds
  6 rats (D:1)
28 creatures vanquished.

Notes
Turn   | Place    | Note
-------+----------+-------------------------------------------
     0 | D:1      | pkoi the Demigod Fighter began the quest for the Orb.
     0 | D:1      | Reached XP level 1. HP: 18/18 MP: 3/3
   678 | D:1      | Reached XP level 2. HP: 25/25 MP: 4/4
  1664 | D:1      | Reached XP level 3. HP: 21/30 MP: 5/5
  2194 | D:2      | Slain by a gnoll

Illustrated notes

Levels and vault maps discovered:
D:1:      psy_arrival_spokes, layout_loops_ring, minmay_octomino_j4
D:2:      layout_basic, serial_glass, glass_columns_b, glass_columns_c,
          serial_shops, nicolae_shop_behind_doors, serial_park_tiny_pond,
          amcnicky_mini_corridor_feature

Skill      XL: |  1  2  3 |
---------------+----------+-----
Unarmed Combat | 2 |  2.8
Armour         | 3 |  3.0
Shields        | 3 |  3.0
Fighting       | 3 |  3.0

Action                   || total
-------------------------++-------
Melee: Unarmed           ||   135
  Use: Scroll            ||     1
       Potion            ||     1
Armor: Scale mail        ||    57
       Skin              ||     1
Dodge: Dodged            ||    51
Block: Buckler           ||    36
